 Dungeon Crawl Stone Soup version 0.20.1-1-g8b1a95d (webtiles) character file.

23365 Nidhoragg the Basher (level 12, -5/110 HPs)
             Began as a Minotaur Fighter on July 15, 2017.
             Was a High Priest of Okawaru.
             Slain by an entropy weaver (6 damage)
             ... on level 4 of the Lair of Beasts on July 28, 2017.
             The game lasted 03:29:54 (11997 turns).

Nidhoragg the Basher (Minotaur Fighter)            Turns: 11997, Time: 03:30:00

Health: -5/110     AC:  7    Str: 33    XL:     12   Next: 71%
Magic:  5/13       EV: 11    Int:  9    God:    Okawaru [*****.]
Gold:   373        SH: 16    Dex: 12    Spells: 11/11 levels left

rFire    . . .     SeeInvis +   e - +5 flail of Nyuniciz {crush, *Drain Str+4 Int+4}
rCold    . . .     Gourm    .   c - +0 shield
rNeg     . . .     Faith    .   p - +1 plate armour
rPois    +         Spirit   .   X - +1 hat {SInv}
rElec    .         Reflect  .   K - +0 cloak
rCorr    +         Harm     .   (no gloves)
MR       .....                  d - +1 pair of boots
Stlth    ..........             (no amulet)
Regen    0.3/turn               i - ring of poison resistance
MPRegen  0.2/turn               N - ring of resist corrosion

@: mighty, heroism, corroded
A: retaliatory headbutt, horns 2
a: Heroism, Finesse, Renounce Religion


You were on level 4 of the Lair of Beasts.
You worshipped Okawaru.
Okawaru was extremely pleased with you.
You were hungry.

You visited 3 branches of the dungeon, and saw 13 of its levels.
You also visited: Ice Cave.

You collected 680 gold pieces.
You spent 307 gold pieces at shops.

Inventory:

Hand Weapons
 e - the +5 flail of Nyuniciz (weapon) {crush, *Drain Str+4 Int+4}
   (You found it in an ice cave)

   It inflicts extra damage upon your enemies.
   It affects your strength (+4).
   It affects your intelligence (+4).
   It causes draining when unequipped.
 r - a +2 battleaxe of electrocution
 u - a +2 flail of protection
 W - a +1 flail of protection
Missiles
 A - 3 javelins
 C - 275 arrows
 Q - a tomahawk of dispersal (quivered)
Armour
 c - a +0 shield (worn)
 d - a +1 pair of boots (worn)
 p - a +1 plate armour (worn)
 K - a +0 cloak (worn)
 M - a +3 scale mail of fire resistance
 X - a +1 hat of see invisible (worn)
Jewellery
 a - an uncursed ring of magical power
 i - a ring of poison resistance (left hand)
 z - an uncursed ring of protection from fire
 I - an uncursed ring of see invisible
 L - a +5 ring of intelligence
 N - a ring of resist corrosion (right hand)
 Y - an uncursed ring of positive energy
Wands
 b - a wand of acid (9/15)
 t - a wand of lightning (0/15)
 G - a wand of lightning (10/15)
 R - a wand of random effects (28/48)
 V - a wand of confusion (19/48)
 Z - a wand of iceblast (2/15)
Scrolls
 j - 5 scrolls of teleportation
 k - 6 scrolls of identify
 l - 2 scrolls of immolation
 n - a scroll of enchant weapon
 o - 2 scrolls of amnesia
 v - a scroll of silence {unknown}
 x - 2 scrolls of recharging
 y - a scroll of fog
 E - 2 scrolls of remove curse
 F - 2 scrolls of magic mapping
 J - a scroll of blinking {unknown}
 T - a scroll of brand weapon {unknown}
 U - 3 scrolls of fear {unknown}
Potions
 f - 2 potions of might
 m - 2 potions of curing
 w - 4 potions of brilliance
 B - 2 potions of flight
 D - a potion of invisibility
 H - a potion of resistance {unknown}
 O - a potion of magic
Books
 S - a book of Minor Magic

   Spells                             Type                      Level
   a - Magic Dart                     Conjuration                  1
   b - Blink                          Translocation                2
   c - Call Imp                       Summoning                    2
   d - Slow                           Hexes                        2
   e - Conjure Flame                  Conjuration/Fire             3
   f - Mephitic Cloud                 Conjuration/Poison/Air       3
Comestibles
 g - 3 meat rations
 h - 7 royal jellies
 s - 9 fruits
 P - 3 bread rations


   Skills:
 + Level 11.2(16.2) Fighting
 + Level 4.8(15.8) Axes
 + Level 14.6(19.8) Maces & Flails
 + Level 2.2(7.2) Throwing
 + Level 11.1(16.1) Armour
 - Level 0.2(5.2) Dodging
 + Level 12.4(17.4) Shields
 + Level 3.8 Invocations
 + Level 1.5 Evocations


You had 11 spell levels left.
You didn't know any spells.

Dungeon Overview and Level Annotations

Branches:
Dungeon (8/15)             Temple (1/1) D:4            Lair (4/6) D:8
 Shoals (0/4) Lair:4       Spider (0/4) Lair:2

Altars:
Cheibriados
Fedhas
Gozag
Hepliaklqana
Okawaru
Qazlal
Vehumet
Zin
The Shining One

Shops:
D:5 [   D:7 [   D:8 ?

Annotations:
Lair:2 exclusion: oklob plant


Innate Abilities, Weirdness & Mutations

You reflexively headbutt those who attack you in melee.
You have a pair of horns on your head.


Message History

The entropy weaver barely misses you. The entropy weaver hits you!
* * * LOW HITPOINT WARNING * * *
You feel very mighty all of a sudden. You block the entropy weaver's attack.
The entropy weaver closely misses you. You block the entropy weaver's attack.
The entropy weaver hits you!
* * * LOW HITPOINT WARNING * * *
You barely miss the entropy weaver.
Your headbutt misses the entropy weaver.
The entropy weaver is severely wounded.
The entropy weaver hits you but does no damage.
The entropy weaver hits you.
* * * LOW HITPOINT WARNING * * *
You block the entropy weaver's attack. The entropy weaver hits you.
* * * LOW HITPOINT WARNING * * *
The entropy weaver hits you!
* * * LOW HITPOINT WARNING * * *
The entropy weaver closely misses you. The entropy weaver hits you.
* * * LOW HITPOINT WARNING * * *
The entropy weaver hits you.
You die...

#..P## ##..........#..#
##...# ###
#..............### ##.###
#.## #P..##.###..###...
#..### ##.# ##.#####
##.......
.#...######.#######
#....... #.#....#.#..##.(#
## ###.##P.
###.........#..#### #. ##
#####.
#...#.##..##..#.####.#P#
#.. ##..#####.####@#.##.PP#
#.. #..# #.##..#a###♣..#
#.. #.## #.####.#).#.♣.##
##. ..# #.##≈...(#P♣..P#
#P. ##.# ##.##≈≈###.†..♣##
##. ##.# ###P.##≈. ##.P.P♣#
#.
##..###PP..##a#.##..♣≈♣.###
#.
#..........#.#....P.≈≈.♣P.#
#. ##..##P###P##
#####.≈♣P†..## #.


You could see an entropy weaver.

Vanquished Creatures
  Harold (Lair:4)
  2 hydras
  A queen ant (Lair:4)
  2 two-headed ogres
  An ugly thing (IceCv)
  4 elephants (Lair:4)
  2 black mambas (Lair:3)
  A rime drake (Lair:3)
  8 spiny frogs
  The ghost of Knicklaso the Slasher, a novice TeFi of Ashenzari (D:5)
  4 komodo dragons
  3 jumping spiders (Lair:2)
  4 blink frogs (Lair:3)
  5 redbacks (Lair:2)
  A spriggan (D:8)
  26 yaks
  A basilisk (Lair:3)
  A hungry ghost (D:8)
  3 wargs (D:8)
  Menkaure (D:4)
  4 soldier ants (Lair:4)
  4 water moccasins
  7 porcupines
  4 orc warriors
  A sky beast (D:6)
  7 ice beasts
  2 black bears
  A necrophage (D:6)
  4 ogres
  3 wolves (Lair:1)
  8 centaurs
  6 crocodiles
  Blork the orc (D:4)
  A gnoll sergeant (D:4)
  5 bullfrogs
  A water moccasin skeleton (D:6)
  A scorpion (D:7)
  4 wights (D:6)
  A howler monkey (D:6)
  3 crimson imps
  6 orc priests
  A bullfrog zombie (D:5)
  A jelly (D:6)
  3 iguanas
  6 orc wizards
  11 worker ants
  Ijyb (D:6)
  A hound zombie (D:8)
  Robin (D:2)
  A worker ant zombie (D:8)
  4 gnolls (D:6)
  11 adders
  A shadow imp (D:7)
  2 oozes (D:7)
  3 adder skeletons
  A worm (D:2)
  A dart slug (D:3)
  5 leopard geckos
  21 orcs
  8 bats
  3 giant cockroaches
  11 goblins
  6 hobgoblins
  2 quokkas
  A ball python (D:3)
  3 frilled lizards
  8 kobolds
  4 rats
267 creatures vanquished.

Vanquished Creatures (others)
  A worker ant (Lair:4)
  4 fungi (Lair:2)
  15 plants
20 creatures vanquished.

Grand Total: 287 creatures vanquished

Notes
Turn   | Place    | Note
-------+----------+-------------------------------------------
     0 | D:1      | Nidhoragg the Minotaur Fighter began the quest for the Orb.
     0 | D:1      | Reached XP level 1. HP: 19/19 MP: 0/0
   259 | D:1      | Reached XP level 2. HP: 26/27 MP: 1/1
  1109 | D:2      | Reached XP level 3. HP: 32/33 MP: 2/2
  1218 | D:2      | Noticed Robin
  1270 | D:2      | Killed Robin
  1356 | D:2      | Reached XP level 4. HP: 38/40 MP: 3/3
  1719 | D:3      | Reached skill level 1 in Throwing
  1719 | D:3      | Reached XP level 5. HP: 43/47 MP: 4/4
  2132 | D:3      | Found a hazy altar of Hepliaklqana.
  2290 | D:3      | Found a stormy altar of Qazlal.
  2856 | D:4      | Found a staircase to the Ecumenical Temple.
  2863 | D:4      | Reached skill level 1 in Maces & Flails
  2874 | Temple   | Entered the Ecumenical Temple
  2922 | Temple   | Became a worshipper of Warmaster Okawaru
  2978 | D:4      | Noticed Menkaure
  2994 | D:4      | Killed Menkaure
  2994 | D:4      | Reached skill level 2 in Maces & Flails
  2994 | D:4      | Reached XP level 6. HP: 46/55 MP: 5/5
  3152 | D:4      | Noticed Blork the orc
  3156 | D:4      | Reached * piety under Okawaru
  3156 | D:4      | Reached skill level 5 in Shields
  3162 | D:4      | Killed Blork the orc
  3162 | D:4      | Reached skill level 3 in Maces & Flails
  3162 | D:4      | Reached skill level 5 in Armour
  3162 | D:4      | Reached XP level 7. HP: 56/60 MP: 6/6
  4000 | D:5      | Entered Level 5 of the Dungeon
  4003 | D:5      | Noticed Knicklaso's ghost (novice TeFi)
  4016 | D:5      | Killed Knicklaso's ghost
  4016 | D:5      | Reached ** piety under Okawaru
  4016 | D:5      | Reached skill level 5 in Fighting
  4016 | D:5      | Reached skill level 5 in Maces & Flails
  4021 | D:5      | Reached XP level 8. HP: 54/68 MP: 5/7
  4056 | D:5      | Noticed Ijyb
  4077 | D:6      | Killed Ijyb
  4266 | D:6      | Noticed a two-headed ogre
  4272 | D:6      | Killed a two-headed ogre
  4272 | D:6      | Reached *** piety under Okawaru
  4272 | D:6      | Reached skill level 7 in Maces & Flails
  4366 | D:6      | Reached XP level 9. HP: 21/74 MP: 6/8
  4387 | D:6      | Reached skill level 8 in Maces & Flails
  4479 | D:6      | Reached **** piety under Okawaru
  4535 | D:6      | Reached skill level 1 in Invocations
  4535 | D:6      | Reached skill level 1 in Evocations
  4928 | D:6      | Reached skill level 9 in Maces & Flails
  5247 | D:5      | Found Vuicwoar's Antique Armour Emporium.
  5255 | D:5      | Bought a pair of glowing boots for 232 gold pieces
  5339 | D:5      | Reached skill level 10 in Maces & Flails
  5521 | D:5      | Found a blossoming altar of Fedhas.
  5788 | D:7      | Found an opulent altar of Gozag.
  5886 | D:7      | Found Akhing's Antique Armour Boutique.
  5991 | D:7      | Reached XP level 10. HP: 80/85 MP: 6/9
  6096 | D:7      | Found a glowing golden altar of the Shining One.
  6452 | D:8      | Noticed a two-headed ogre
  6463 | D:8      | Killed a two-headed ogre
  6487 | D:8      | Found Ytae's Magic Scroll Emporium.
  6495 | D:8      | Reached ***** piety under Okawaru
  6500 | D:8      | Bought a scroll of enchant weapon for 75 gold pieces
  6708 | D:8      | Reached skill level 11 in Maces & Flails
  6891 | D:8      | Found a staircase to the Lair.
  7298 | Lair:1   | Entered Level 1 of the Lair of Beasts
  8269 | Lair:2   | Noticed a spiny frog
  8361 | Lair:2   | Reached skill level 12 in Maces & Flails
  8488 | Lair:2   | Reached XP level 11. HP: 89/95 MP: 11/11
  8497 | Lair:2   | Reached skill level 10 in Shields
  8508 | Lair:2   | Received a gift from Okawaru
  9079 | Lair:2   | Found a hole to the Spider Nest.
  9123 | Lair:2   | Noticed an oklob plant
  9159 | Lair:2   | Noticed a four-headed hydra
  9171 | Lair:2   | Killed a four-headed hydra
  9510 | Lair:2   | Reached skill level 13 in Maces & Flails
  9526 | Lair:2   | Reached skill level 10 in Armour
 10219 | Lair:3   | Noticed a five-headed hydra
 10247 | Lair:3   | Killed a five-headed hydra
 10261 | Lair:3   | Reached skill level 10 in Fighting
 10261 | Lair:3   | Reached XP level 12. HP: 58/106 MP: 4/12
 10591 | Lair:3   | Received a gift from Okawaru
 10591 | Lair:3   | Reached skill level 14 in Maces & Flails
 11226 | Lair:4   | Found a frozen archway.
 11255 | IceCv    | Entered an ice cave
 11292 | IceCv    | Got a pitted flail
 11293 | IceCv    | Identified the +5 flail of Nyuniciz {crush, *Drain Str+4 Int+4} (You found it in an ice cave)
 11564 | Lair:4   | Found a staircase to the Shoals.
 11898 | Lair:4   | Noticed Harold
 11928 | Lair:4   | Killed Harold
 11947 | Lair:4   | Noticed a queen ant
 11960 | Lair:4   | Killed a queen ant
 11979 | Lair:4   | Noticed an entropy weaver
 11997 | Lair:4   | HP: 3/110 [entropy weaver (9)]
 11997 | Lair:4   | HP: 1/110 [entropy weaver (2)]
 11997 | Lair:4   | Slain by an entropy weaver

Skill      XL: |  1  2  3  4  5  6  7  8  9 10 11 12 |
---------------+-------------------------------------+-----
Axes           | 3 4 |  4.8
Fighting       | 4 5 6 7 8 10 11 | 11.2
Armour         | 4 5 7 8 9 10 11 | 11.1
Shields        | 4 5 6 7 8 9 11 12 | 12.4
Throwing       | 1 2 |  2.2
Maces & Flails | 2 3 5 7 10 12 13 14 | 14.6
Invocations    | 1 2 3 |  3.8
Evocations     | 1 |  1.5
Dodging        | |  0.2

Action                   |  1- 3 |  4- 6 |  7- 9 | 10-12 || total
-------------------------+-------+-------+-------+-------++-------
Melee: War axe           |    65 |    35 |       |       ||   100
       Headbutt          |     9 |    18 |    57 |   160 ||   244
       Flail             |       |    75 |   293 |   726 ||  1094
Throw: Javelin           |     7 |     6 |     2 |       ||    15
       Tomahawk          |       |       |     4 |       ||     4
Invok: Heroism           |       |       |    10 |    15 ||    25
       Finesse           |       |       |       |     5 ||     5
Evoke: Wand              |       |     5 |     7 |     4 ||    16
  Use: Potion            |       |     6 |     6 |     6 ||    18
       Scroll            |       |       |     1 |    21 ||    22
  Eat: Chunk             |     1 |     3 |     7 |     9 ||    20
       Bread ration      |       |     1 |       |     4 ||     5
Armor: Scale mail        |    10 |       |       |       ||    10
       Plate armour      |    24 |   100 |   115 |   264 ||   503
       Skin              |       |     1 |       |       ||     1
Dodge: Dodged            |    14 |    23 |    40 |   103 ||   180
Block: Shield            |    31 |    81 |   139 |   324 ||   575
